 Dungeon Crawl Stone Soup version 0.31-a0-596-g831eee08f1 (webtiles) character file.

Game seed: 16642061791082673588

153 Dirtsage the Changeling (level 5, 0/49 HPs)
             Began as an Octopode Shapeshifter on Aug 20, 2023.
             Succumbed to a kobold's poison
             ... in a sewer.
             The game lasted 00:07:11 (2310 turns).

Dirtsage the Changeling (Octopode Shapeshifter)     Turns: 2310, Time: 00:07:12

Health: 0/49       AC: 22    Str: 14    XL:     5   Next: 35%
Magic:  5/5        EV:  2    Int: 13    God:
Gold:   186        SH:  0    Dex: 12    Spells: 4/4 levels left

rFire   . .          .
                       - Unarmed
rCold   . . .        (no shield)
rNeg    . . .        (helmet currently unavailable)
rPois   +            (no amulet)
rElec   .            (no ring)
rCorr   .            (no ring)
SInv    .            (no ring)
Will    +....        (no ring)
Stlth   +            (no ring)
HPRegen 0.28/turn    (no ring)
MPRegen 0.09/turn    (no ring)
                     (no ring)

%: no passive effects
@: lethally poisoned (0 -> -1), tree-form, enlightened, very slow
A: stationary, stasis, torment immunity, boosted hp, almost no armour,
(amphibious), 8 rings, (camouflage 1), (gelatinous body 1), (nimble swimmer 1),
(tentacles)
a: no special abilities


You were in a sewer.
You were a tree.
You visited 1 branch of the dungeon, and saw 3 of its levels.
You also visited: Sewer.

You collected 208 gold pieces.
You spent 22 gold pieces at shops.

Inventory:

Magical Staves
 d - a staff of conjuration
Jewellery
 n - a +6 ring of intelligence
Talismans
 b - a beast talisman
 c - a flux talisman
 f - a beast talisman
Scrolls
 e - a scroll of enchant weapon {unknown}
 g - a scroll of teleportation {unknown}
 i - 3 scrolls of identify
 j - a scroll of fear {unknown}
 k - a scroll of summoning {unknown}
 l - a scroll of revelation {unknown}
 m - a scroll of fog {unknown}
Potions
 a - a potion of lignification


   Skills:
 - Level 1.0 Fighting
 - Level 2.0 Dodging
 - Level 3.0 Unarmed Combat
 + Level 5.2 Shapeshifting


You had 4 spell levels left.
You didn't know any spells.
Your spell library was empty.

Dungeon Overview and Level Annotations

Branches:
Dungeon (3/15)              Sewer (1/1)

Altars:
Vehumet

Shops:
D:3 *


Innate Abilities, Weirdness & Mutations

You are a tree.
Your roots penetrate the ground, keeping you stationary.
You cannot be teleported.
You are immune to unholy pain and torment.
Your maximum health is greatly increased.
You cannot wear most types of armour.
((You are amphibious.))
You can wear up to eight rings at the same time.
((Your skin changes colour to match your surroundings (Stealth+).))
((Your rubbery body absorbs attacks. (AC +1, EV +1)))
((You are camouflaged when in or above water. (Stealth+)))
((You have tentacles for arms and can constrict up to eight enemies at once.))


Message History

You take 3 damage, and have 8/33 hp.
Okay, then.
* * * LOW HITPOINT WARNING * * *
You feel very sick.
You take 3 damage, and have 5/33 hp.
* * * LOW HITPOINT WARNING * * *
You feel sick.
The kobold throws a poisoned dart.
The poisoned dart misses you.
You take 1 damage, and have 4/33 hp.
Your transformation has ended.
You turn into a tree.
Your roots penetrate the ground.
Splash!
You fall into the shallow water.
Moving in this stuff is going to be slow.
* * * LOW HITPOINT WARNING * * *
You feel sick.
You now have 4/49 hp.
You smack the shadow imp!
You kill the shadow imp!
* * * LOW HITPOINT WARNING * * *
You feel sick.
You take 1 damage, and have 3/49 hp.
You cannot move.
You miss the kobold.
* * * LOW HITPOINT WARNING * * *
You feel sick.
You take 1 damage, and have 2/49 hp.
You closely miss the kobold.
* * * LOW HITPOINT WARNING * * *
You feel sick.
The kobold splashes around in the water.
You smack the kobold!
You kill the kobold!
You hear a splash. x2
* * * LOW HITPOINT WARNING * * *
You feel sick.
You take 1 damage, and have 1/49 hp.
You cannot move.
You cannot move.
Okay, then.
You die...

# #. #.≈
#.≈~################
#..~≈≈~≈≈†≈≈≈≈♣≈≈≈~#
~.~≈~≈≈~.~.~~~).~~.#
#.................)#
################.###
##...## #.....#
#..∩..# #..∩..#
##...##


There were no monsters in sight!

Vanquished Creatures
  An iguana (D:3)
  A gnoll (D:1)
  2 adders (D:3)
  3 shadow imps (Sewer)
  A dart slug (D:2)
  6 orcs (D:3)
  5 endoplasms
  3 giant cockroaches
  5 goblins
  3 hobgoblins
  4 jackals (D:1)
  7 kobolds
  3 quokkas (D:1)
  7 ball pythons
  6 bats
  3 frilled lizards
  10 rats
70 creatures vanquished.

Notes
Turn   | Place    | Note
-------+----------+-------------------------------------------
     0 | D:1      | Dirtsage the Octopode Shapeshifter began the quest for the
                  | Orb.
     0 | D:1      | Reached XP level 1. HP: 13/13 MP: 1/1
   125 | D:1      | Reached XP level 2. HP: 17/18 MP: 2/2
   375 | D:1      | Reached XP level 3. HP: 6/23 MP: 3/3
   377 | D:1      | HP: 1/23 [jackal (1)]
   626 | D:1      | Reached skill level 4 in Shapeshifting
  1229 | D:2      | Reached XP level 4. HP: 28/28 MP: 4/4
  1800 | D:3      | Found a faded altar of an unknown god.
  1912 | D:3      | Found Bosegais's General Store.
  1926 | D:3      | Bought a scroll of identify for 22 gold pieces
  1953 | D:3      | Found a radiant altar of Vehumet.
  2141 | D:3      | Found a glowing drain.
  2159 | D:3      | Reached XP level 5. HP: 30/33 MP: 5/5
  2188 | D:3      | Reached skill level 5 in Shapeshifting
  2220 | Sewer    | Entered a sewer
  2307 | Sewer    | HP: 2/49 [poisoned by a kobold]
  2310 | Sewer    | Succumbed to a kobold's poison

Illustrated notes

Levels and vault maps discovered:
D:1:      lightli_molten_gateway, layout_loops_cross,
          chequers_serial_rivers_small_3, corexii_item_surrounded_by_moat
D:2:      layout_basic, corexii_item_surrounded_by_moat
D:3:      layout_basic, mainiacjoe_overflow_paths, serial_shops, shop,
          portal_sewer_entry_b, nicolae_ecumenical_oubliette,
          minmay_misc_feat_doors
Sewer:    kennysheep_sewer_church

Skill      XL: |  1  2  3  4  5 |
---------------+----------------+-----
Shapeshifting  | 4 5 |  5.2
Fighting       | |  1.0
Dodging        | |  2.0
Unarmed Combat | |  3.0

Action                     |  1- 3 |  4- 6 || total
---------------------------+-------+-------++-------
  Melee: Unarmed           |    74 |    51 ||   125
         Tentacles         |    15 |     8 ||    23
         Constrict         |    14 |    11 ||    25
         Punch             |       |     2 ||     2
    Use: Potion            |       |     2 ||     2
   Stab: Sleeping          |     9 |     6 ||    15
 Armour: Skin              |     7 |     3 ||    10
  Dodge: Dodged            |    45 |    30 ||    75

Table legend: (Time is in decaauts)
 A = Elapsed time spent in this place.
 B = Non-inter-level travel time spent in this place.
 C = Inter-level travel time spent in this place.
 D = Time resting spent in this place.
 E = Time spent auto-exploring this place.
 F = Levels seen in this place.
 G = Mean time per level.
                   A        B        C        D        E       F      G
               +--------+--------+--------+--------+--------+-----+--------+
         Total |   2301 |   2066 |    235 |      0 |   1487 |   4 |  575.2 |
       Dungeon |   2212 |   1977 |    235 |      0 |   1435 |   3 |  737.3 |
         Sewer |     88 |     88 |      0 |      0 |     52 |   1 |   88.0 |
               +--------+--------+--------+--------+--------+-----+--------+

Top non-repeatable levels by time:
     D:1: 939 daAuts
     D:2: 895 daAuts
     D:3: 377 daAuts
   Sewer: 88 daAuts
